 Dungeon Crawl Stone Soup version 0.18.1-5-g4a78601 (webtiles) character file.

21 tyrsky the Digger (level 2, 0/15 HPs)
             Began as a Gargoyle Earth Elementalist on May 14, 2016.
             Slain by a jackal (3 damage)
             ... on level 1 of the Dungeon.
             The game lasted 00:01:57 (815 turns).

tyrsky the Digger (Gargoyle Earth Elementalist)      Turns: 815, Time: 00:01:58

Health: 0/15       AC:  4    Str: 11    XL:     2   Next: 87%
Magic:  0/5        EV: 12    Int: 15    God:
Gold:   44         SH:  0    Dex: 10    Spells: 1 memorised, 5 levels left

rFire  . . .     SeeInvis .     i - +0 club
rCold  . . .     Gourm    .     a - +0 robe
rNeg   + . .     Faith    .     (no shield)
rPois  ∞         Spirit   .     (no helmet)
rElec  +         Dismiss  .     j - +0 cloak
rCorr  .         Reflect  .     (no gloves)
SustAt .         Harm     .     (no boots)
MR     .....                    (no amulet)
Stlth  ++........               (no ring)
                                (no ring)

@: not resistant to hostile enchantments, unstealthy
A: deformed body, negative energy resistance 1, regeneration 1, electricity
resistance, unbreathing, petrification resistance, rot immunity, sturdy frame 1,
AC +2
a: no special abilities


You were on level 1 of the Dungeon.
You were not hungry.

You visited 1 branch of the dungeon, and saw 2 of its levels.

You collected 44 gold pieces.

Inventory:

Hand Weapons
 i - a +0 club (weapon)
Missiles
 b - 23 stones (quivered)
Armour
 a - a +0 robe (worn)
 j - a +0 cloak (worn)
Jewellery
 g - an uncursed amulet of the gourmand {unknown}
Scrolls
 k - a scroll of fog {unknown}
Books
 c - a book of Geomancy

   Spells                             Type                      Level
   a - Sandblast                      Earth                        1
   b - Passwall                       Transmutation/Earth          2
   c - Stone Arrow                    Conjuration/Earth            3
   d - Petrify                        Transmutation/Earth          4
   e - Lee's Rapid Deconstruction     Earth                        5
Comestibles
 d - a bread ration
 f - a beef jerky
 h - 3 fruits


   Skills:
 - Level 1.5 Dodging
 - Level 2.1 Stealth
 * Level 2.6 Spellcasting
   Level 0.7 Transmutations
 + Level 4.2 Earth Magic


You had 5 spell levels left.
You knew the following spells:

 Your Spells              Type           Power        Failure   Level  Hunger
a - Sandblast             Erth           ##....       4%          1    #......


Dungeon Overview and Level Annotations

Branches:
Dungeon (2/15)

Altars:


Innate Abilities, Weirdness & Mutations

You are resistant to torment.
Your stone body is resilient (AC +2).
You are immune to poison.
You resist negative energy.
You are resistant to electric shocks.
You can survive without breathing.
You are immune to petrification.
You are immune to rotting.
Armour fits poorly on your strangely shaped body.
Your natural rate of healing is unusually fast.
Your movements are slightly less encumbered by armour (ER -2).


Message History

The jackal bites you.
* * * LOW HITPOINT WARNING * * *
You hit the jackal.
You kill the jackal!
The jackal closely misses you.
The jackal bites you but does no damage.
The jackal closely misses you.
Drink which item? (? for menu, Esc to quit)
It was a potion of mutation.
You feel extremely strange.
You feel less encumbered by your armour.
Your body twists and deforms.
You begin to heal more quickly.
The jackal bites you but does no damage.
The jackal barely misses you.
The jackal bites you but does no damage.
You closely miss the jackal.
The jackal bites you but does no damage. x3
You completely miss the jackal.
The jackal bites you but does no damage.
The jackal barely misses you. The jackal bites you.
You die...

############
#.....#....#
###.###.#....#####
#9h.....'....'....
#h#####.#....#####
#.....#.#....#
#..##.#.#....#
#..##.#.#########
#..##.#.# #...#
#..##.#.# #...#
#..##.#.# #...#
####.......# #...#


You could see 2 jackals.

Vanquished Creatures
  An adder (D:2)
  A bat (D:1)
  A goblin (D:1)
  3 hobgoblins
  A jackal (D:1)
  2 giant newts (D:1)
  A kobold (D:1)
  3 rats
13 creatures vanquished.

Notes
Turn   | Place    | Note
--------------------------------------------------------------
     0 | D:1      | tyrsky the Gargoyle Earth Elementalist began the quest for the Orb.
     0 | D:1      | Reached XP level 1. HP: 10/10 MP: 3/3
   116 | D:1      | You fall through a shaft!
   376 | D:1      | Reached XP level 2. HP: 15/15 MP: 3/5
   518 | D:1      | Reached skill level 4 in Earth Magic
   813 | D:1      | Gained mutation: Your movements are slightly less encumbered by armour (ER -2). [potion of mutation]
   813 | D:1      | Gained mutation: Armour fits poorly on your strangely shaped body. [potion of mutation]
   813 | D:1      | Gained mutation: Your natural rate of healing is unusually fast. [potion of mutation]
   815 | D:1      | Slain by a jackal

Skill      XL: |  1  2 |
---------------+-------+-----
Earth Magic    | 4 |  4.2
Dodging        | |  1.5
Stealth        | |  2.1
Spellcasting   | |  2.6
Transmutations | |  0.7

Action                   || total
-------------------------++-------
Melee: Club              ||    12
 Cast: Sandblast         ||    24
  Use: Potion            ||     1
Armor: Robe              ||    25
Dodge: Dodged            ||    27
